 Dungeon Crawl Stone Soup version 0.13-a0-2808-gda3a3b1 (webtiles) character file.

1169 Kae the Basher (level 7, -3/88 HPs)
             Began as a Minotaur Berserker on Aug 25, 2013.
             Was an Elder of Trog.
             Killed from afar by an orc wizard (8 damage)
             ... with a puff of flame
             ... on Level 6 of the Dungeon.
             The game lasted 00:06:33 (5108 turns).

Kae the Basher (Minotaur Berserker)                 Turns: 5108, Time: 00:06:33

HP  -3/88        AC  2     Str 28      XL: 7   Next: 61%
MP   2/2         EV 12     Int  5      God: Trog [****..]
Gold 357         SH  0     Dex  9      Spells:  0 memorised,  6 levels left

Res.Fire  : . . .   See Invis. : .   a - +0 mace
Res.Cold  : . . .   Warding    : .   b - +0 animal skin
Life Prot.: . . .   Conserve   : .   (no shield)
Res.Poison: .       Res.Corr.  : .   (helmet restricted)
Res.Elec. : .       Clarity    : .   (no cloak)
Sust.Abil.: . .     Spirit.Shd : .   (no gloves)
Res.Mut.  : .       Stasis     : .   (no boots)
Res.Rott. : .       Flight     : .   (no amulet)
Saprovore : . . .                    (no ring)
                                     (no ring)

@: regenerating, berserking (expiring), drained, very quick, very resistant to
hostile enchantments, extremely unstealthy
A: retaliatory headbutt, horns 2
a: Burn Spellbooks, Berserk, Trog's Hand, Brothers in Arms, Renounce Religion


You were on level 6 of the Dungeon.
You worshipped Trog.
Trog was extremely pleased with you.
You were not hungry.

You visited 1 branch of the dungeon, and saw 6 of its levels.

You collected 337 gold pieces.

Inventory:

Hand weapons
 a - a +0,+0 mace (weapon)
Armour
 b - a +0 animal skin (worn)
Comestibles
 c - a bread ration
 k - 4 meat rations
 u - a pear
Scrolls
 d - 7 scrolls of identify {unknown}
 e - a scroll of magic mapping {unknown}
 g - a scroll of noise {unknown}
 h - a scroll of remove curse {unknown}
 i - a scroll of fog {unknown}
 j - 2 scrolls of enchant weapon II {unknown}
 l - 2 scrolls of amnesia {unknown}
 n - 2 scrolls of teleportation {unknown}
 o - a scroll of curse weapon {unknown}
 s - a scroll of recharging {unknown}
 t - a scroll of curse armour {unknown}
Jewellery
 q - an uncursed amulet of faith {unknown}
Potions
 f - 2 potions of agility {unknown}
 m - a potion of invisibility {unknown}
 p - a potion of confusion {unknown}
 r - 2 potions of heal wounds {unknown}
 v - a potion of brilliance {unknown}


   Skills:
 - Level 3.6(3.1) Fighting
 * Level 10.8(10.2) Maces & Flails
 - Level 2.4(2.0) Armour
 - Level 2.1(1.7) Dodging


You had 6 spell levels left.
You didn't know any spells.

Dungeon Overview and Level Annotations

Branches:
Dungeon (6/27)             Temple (0/1) D:5
    Orc: D:6-11

Altars:
Sif Muna
the Shining One


Innate Abilities, Weirdness & Mutations

You reflexively headbutt those who attack you in melee.
You have a pair of horns on your head.


Message History

Trog accepts your kill. The orc wizard casts a spell at you.
The puff of flame hits you!
* * * LOW HITPOINT WARNING * * *
The orc warrior hits you with an orcish halberd!
* * * LOW HITPOINT WARNING * * *
Things that are here:
an orcish flail; an orc corpse; an orcish club; an orc corpse You hit the orc warrior.
You headbutt the orc warrior!
The orc warrior is severely wounded.
The orc wizard casts a spell at you. The magic dart hits you!
* * * LOW HITPOINT WARNING * * *
Unknown command.
You barely miss the orc warrior. Your headbutt misses the orc warrior.
The orc warrior is severely wounded.
The orc wizard gestures at you while chanting.
The puff of flame hits you!
One of your 8 scrolls labeled FEW DUEPNUNA catches fire!
You die...

##### ###...##
##......##
##...[[@o.##
##.....#o...#
#....####...##
#...#####....##
#......###....#
##.....###.$...#
##.....####....#
###<.....##....#
#.......##.....


You could see an orc warrior and an orc wizard.

Vanquished Creatures
  4 wights (D:6)
  2 crimson imps (D:5)
  A hound (D:4)
  2 orc priests
  3 orc wizards
  A scorpion (D:5)
  2 worker ants (D:5)
  10 gnolls
  11 adders
  A giant mite (D:4)
  3 worms
  4 giant geckos
  16 orcs
  A ball python (D:2)
  12 bats
  A bat skeleton (D:4)
  14 goblins
  8 hobgoblins
  10 kobolds
  A quokka (D:3)
  7 giant cockroaches
  6 giant newts
  2 goblin skeletons
  A kobold skeleton (D:5)
  13 rats
  A rat zombie (D:3)
137 creatures vanquished.

Notes
Turn   | Place    | Note
--------------------------------------------------------------
     0 | D:1      | Kae, the Minotaur Berserker, began the quest for the Orb.
     0 | D:1      | Reached XP level 1. HP: 19/19 MP: 0/0
    70 | D:1      | Reached skill level 4 in Maces & Flails
   129 | D:1      | Reached XP level 2. HP: 26/26 MP: 0/0
   189 | D:1      | Acquired Trog's second power
   568 | D:1      | Reached skill level 5 in Maces & Flails
   786 | D:2      | Reached XP level 3. HP: 6/33 MP: 1/1
  1440 | D:2      | Reached XP level 4. HP: 34/39 MP: 1/1
  1525 | D:2      | Reached skill level 6 in Maces & Flails
  2219 | D:3      | Found a glowing golden altar of the Shining One.
  2341 | D:3      | Found a deep blue altar of Sif Muna.
  2383 | D:3      | Reached XP level 5. HP: 20/46 MP: 1/1
  2389 | D:3      | Reached skill level 7 in Maces & Flails
  2850 | D:4      | Reached skill level 8 in Maces & Flails
  3000 | D:4      | Reached XP level 6. HP: 12/52 MP: 2/2
  3652 | D:5      | Entered Level 5 of the Dungeon
  3658 | D:5      | Acquired Trog's third power
  3675 | D:5      | Found a staircase to the Ecumenical Temple.
  3813 | D:5      | Reached skill level 9 in Maces & Flails
  3906 | D:5      | Reached XP level 7. HP: 15/59 MP: 2/2
  4658 | D:5      | Reached skill level 10 in Maces & Flails
  5107 | D:6      | HP: 4/88 [orc wizard/magic dart (9)]
  5108 | D:6      | Killed from afar by an orc wizard

Action                   |  1- 3 |  4- 6 |  7- 9 || total
-------------------------+-------+-------+-------++-------
Melee: Mace              |    87 |   205 |    74 ||   366
Invok: Trog's Hand       |       |     5 |     3 ||     8
       Berserk           |       |       |     3 ||     3
  Use: Potion            |     1 |     1 |       ||     2
